 Dungeon Crawl Stone Soup version 0.28.0-45-g0d030f2227 (webtiles) character file.

Game seed: 3593001722292092698

1221 jimbutter the Cleaver (level 8, -1/71 HPs)
             Began as a Minotaur Berserker on Apr 18, 2022.
             Was a Priest of Trog.
             Slain by an 11-headed hydra (7 damage)
             ... on level 6 of the Dungeon.
             The game lasted 00:15:44 (6032 turns).

jimbutter the Cleaver (Minotaur Berserker)          Turns: 6032, Time: 00:15:44

Health: -1/71      AC:  9    Str: 24    XL:     8   Next: 23%
Magic:  7/7        EV: 12    Int:  4    God:    Trog [***...]
Gold:   361        SH:  0    Dex: 10    Spells: 7/7 levels left

rFire   + . .      SeeInvis .   a - +0 war axe
rCold   . . .      Faith    .   (no shield)
rNeg    . . .      Spirit   .   u - +0 ring mail {Will+}
rPois   .          Reflect  .   (helmet restricted)
rElec   .          Harm     .   (no cloak)
rCorr   .          Rampage  .   (no gloves)
Will    +....                   (no boots)
Stlth   ..........              q - amulet of the acrobat
HPRegen 0.21/turn               p - ring of protection from fire
MPRegen 0.10/turn               m - +4 ring of protection

@: on berserk cooldown, slowed, very slow
A: horns 2, retaliatory headbutt
a: Renounce Religion, Berserk, Trog's Hand


You were on level 6 of the Dungeon.
You worshipped Trog.
Trog was most pleased with you.
You visited 1 branch of the dungeon, and saw 6 of its levels.

You collected 361 gold pieces.

Inventory:

Hand Weapons
 a - a +0 war axe (weapon)
 b - the +9 hunting sling of Success {venom, rN+}
   (You found it on level 6 of the Dungeon)

   Any ammunition fired from it poisons the flesh of those it strikes.
   rN:        It protects you from negative energy.
Missiles
 e - 86 sling bullets
 g - 172 stones (quivered)
 r - 6 poisoned darts
Armour
 u - a +0 ring mail of willpower (worn)
Jewellery
 m - a +4 ring of protection (right hand)
 o - a ring of flight
 p - a ring of protection from fire (left hand)
 q - an amulet of the acrobat (around neck)
Wands
 s - a wand of flame (3)
 v - a wand of iceblast (6)
 B - a wand of charming (13)
 D - a wand of digging (3)
Scrolls
 c - 3 scrolls of torment {unknown}
 h - 2 scrolls of teleportation {unknown}
 k - 2 scrolls of immolation {unknown}
 l - 2 scrolls of enchant weapon {unknown}
 n - 2 scrolls of enchant armour {unknown}
 y - a scroll of summoning {unknown}
 A - a scroll of fear {unknown}
Potions
 d - a potion of degeneration {unknown}
 f - 2 potions of heal wounds
 i - a potion of cancellation {unknown}
 j - 3 potions of curing
 t - a potion of lignification
 w - 2 potions of attraction {unknown}
 x - a potion of flight {unknown}
 z - a potion of resistance {unknown}
 C - a potion of mutation {unknown}


   Skills:
 + Level 6.9 Fighting
 * Level 9.2 Axes
 - Level 2.4 Armour
 + Level 5.8 Dodging


You had 7 spell levels left.
You didn't know any spells.
Your spell library was empty.

Dungeon Overview and Level Annotations

Branches:
Dungeon (6/15)
 Temple: D:4-7

Altars:

Shops:
D:1 [*!=[


Innate Abilities, Weirdness & Mutations

You have a pair of horns on your head.
You reflexively headbutt those who attack you in melee.


Message History

You lop one of the seven-headed hydra's heads off!
The six-headed hydra grows two more!
You slash the eight-headed hydra!
The eight-headed hydra is moderately wounded.
You slice one of the eight-headed hydra's heads off!
The seven-headed hydra grows two more!
You slash the nine-headed hydra!
Your headbutt misses the nine-headed hydra.
The nine-headed hydra is heavily wounded.
The nine-headed hydra bites you but does no damage.
The nine-headed hydra misses you.
The nine-headed hydra closely misses you.
The nine-headed hydra bites you but does no damage. x2
The nine-headed hydra barely misses you.
The nine-headed hydra bites you.
The nine-headed hydra bites you but does no damage.
The nine-headed hydra barely misses you.
You lop one of the nine-headed hydra's heads off!
The eight-headed hydra grows two more!
You slash the ten-headed hydra!
The ten-headed hydra is heavily wounded.
The ten-headed hydra bites you. The ten-headed hydra bites you!
The ten-headed hydra bites you. The ten-headed hydra bites you! x2
* * * LOW HITPOINT WARNING * * *
The ten-headed hydra misses you. The ten-headed hydra barely misses you.
The ten-headed hydra bites you but does no damage.
The ten-headed hydra bites you!
* * * LOW HITPOINT WARNING * * *
The ten-headed hydra bites you!
* * * LOW HITPOINT WARNING * * *
You barely miss the ten-headed hydra. You headbutt the ten-headed hydra!!
The ten-headed hydra is severely wounded.
You chop one of the ten-headed hydra's heads off!
The nine-headed hydra grows two more!
You slash the 11-headed hydra!
The 11-headed hydra is almost dead.
You are no longer berserk.
You are exhausted.
You feel yourself slow down. The 11-headed hydra barely misses you.
You furiously retaliate!
You headbutt the 11-headed hydra! The 11-headed hydra closely misses you.
The 11-headed hydra barely misses you. The 11-headed hydra misses you.
The 11-headed hydra closely misses you. The 11-headed hydra bites you!
You die...

###....#.......######
#### ####..##.....#
###... ##........#
#...## #.....#.....#
###.### #..#####.....#
###...# ....
#>......###...### .##
##.###..###..###
#####.D####.##..## .##
##.D§..#D@......##
.....##D.#####.###..###
..Dz.z..## ...# ##.#
...#.###....#### #..#
.. .#### ##... .. .#
##.. # ## ##.


You could see a 11-headed hydra and a steam dragon.

Vanquished Creatures
  An acid dragon (D:6)
  A sky beast (D:6)
  A black bear (D:5)
  An ogre (D:5)
  2 centaurs
  A phantom (D:4)
  A scorpion (D:2)
  A jelly (D:4)
  A hound (D:3)
  2 orc priests (D:5)
  6 iguanas
  An orc wizard (D:5)
  2 hound skeletons (D:4)
  Robin (D:4)
  7 gnolls
  9 adders
  3 ufetubi
  An adder skeleton (D:4)
  3 worms
  2 dart slugs
  9 orcs
  7 endoplasms
  2 giant cockroaches (D:4)
  8 goblins
  6 hobgoblins
  4 jackals (D:1)
  8 kobolds
  6 quokkas
  9 ball pythons
  8 bats
  A frilled lizard (D:1)
  7 rats
122 creatures vanquished.

Vanquished Creatures (others)
  A fungus (D:2)
  4 plants (D:2)
5 creatures vanquished.

Grand Total: 127 creatures vanquished

Notes
Turn   | Place    | Note
-------+----------+-------------------------------------------
     0 | D:1      | jimbutter the Minotaur Berserker began the quest for the
                  | Orb.
     0 | D:1      | Reached XP level 1. HP: 19/19 MP: 0/0
   149 | D:1      | Found Tionuy's Distillery.
   191 | D:1      | Found Doiprep's Assorted Antiques.
   359 | D:1      | Found Hijadal's Jewellery Boutique.
   371 | D:1      | Found Tegeoc's Armour Emporium.
   406 | D:1      | Reached skill level 4 in Axes
   416 | D:1      | Reached XP level 2. HP: 24/27 MP: 1/1
   622 | D:1      | Found Veusoresh's Armour Emporium.
  1259 | D:2      | Noticed a scorpion
  1263 | D:2      | Killed a scorpion
  1264 | D:2      | Reached skill level 5 in Axes
  1264 | D:2      | Reached XP level 3. HP: 34/34 MP: 2/2
  1264 | D:2      | Reached XP level 4. HP: 41/41 MP: 3/3
  1766 | D:2      | Reached ** piety under Trog
  2064 | D:2      | Found a faded altar of an unknown god.
  2305 | D:3      | Reached XP level 5. HP: 47/47 MP: 4/4
  2691 | D:3      | Reached skill level 5 in Fighting
  2691 | D:3      | Reached skill level 6 in Axes
  3195 | D:4      | Reached XP level 6. HP: 56/56 MP: 5/5
  3391 | D:4      | Reached skill level 7 in Axes
  3808 | D:4      | Reached XP level 7. HP: 62/62 MP: 6/6
  3901 | D:4      | Noticed Robin
  3937 | D:4      | Reached *** piety under Trog
  3938 | D:4      | Killed Robin
  4308 | D:5      | Entered Level 5 of the Dungeon
  4690 | D:5      | Reached skill level 5 in Dodging
  4776 | D:5      | Reached skill level 8 in Axes
  5591 | D:5      | Reached XP level 8. HP: 65/71 MP: 7/7
  5806 | D:6      | Reached skill level 9 in Axes
  5965 | D:6      | Identified the +9 hunting sling of Success {venom, rN+}
  6008 | D:6      | Noticed a six-headed hydra
  6032 | D:6      | Slain by an 11-headed hydra

Illustrated notes

Levels and vault maps discovered:
D:1:      dpeg_chamrin_arrival_tetris, layout_basic, serial_shops,
          nicolae_diamond_shop, nicolae_shop_advertising_works
          [nicolae_subvault_shop_adworks], shop_statue,
          nicolae_shop_hallway_plus, nicolae_shop_crystal
D:2:      layout_loops_ring, shapermc_ecumenical_altar_mp_urbaneastern,
          minmay_split_cup_large
D:3:      layout_loops_ring, kennysheep_boxes
D:4:      layout_cave_pods, supply_closet_lemuel, dk_noncrumbling_3,
          kennysheep_big_empty_room, minmay_fractal_squares_5, uniq_robin
D:5:      layout_basic
D:6:      layout_rooms

Skill      XL: |  1  2  3  4  5  6  7  8 |
---------------+-------------------------+-----
Axes           | 4 5 6 7 8 9 |  9.2
Fighting       | 4 5 6 |  6.9
Dodging        | 3 4 5 |  5.8
Armour         | |  2.4

Action                   |  1- 3 |  4- 6 |  7- 9 || total
-------------------------+-------+-------+-------++-------
Melee: Hand axe          |    58 |    23 |       ||    81
       Headbutt          |     5 |    21 |    19 ||    45
       War axe           |       |    91 |    97 ||   188
       Punch             |       |     2 |     1 ||     3
 Fire: Hunting sling     |       |       |     2 ||     2
Invok: Berserk           |     1 |     1 |     4 ||     6
       Trog's Hand       |       |       |     2 ||     2
  Use: Scroll            |       |     3 |     1 ||     4
Armor: Animal skin       |     7 |       |       ||     7
       Ring mail         |    24 |    52 |    37 ||   113
Dodge: Dodged            |    28 |    90 |   103 ||   221
